 Dungeon Crawl Stone Soup version 0.32-a0-42-ga30500b4d3 (webtiles) character file.

Game seed: 5674329680100970827

539 grandjackal the Slasher (level 7, -4/82 HPs)
             Began as a Demonspawn Gladiator on Jan 30, 2024.
             Slain by a troll (7 damage)
             ... on level 5 of the Dungeon.
             The game lasted 00:05:04 (4345 turns).

grandjackal the Slasher (Demonspawn Gladiator)      Turns: 4345, Time: 00:05:04

Health: -4/82      AC: 23    Str: 15    XL:     7   Next: 5%
Magic:  16/16      EV:  2    Int:  8    God:
Gold:   85         SH:  0    Dex: 16    Spells: 6/6 levels left

rFire   . . .        i - +0 dagger (venom)
rCold   . . .        (no shield)
rNeg    . . .        g - melded +0 ring mail
rPois   +            (helmet currently unavailable)
rElec   .            (cloak currently unavailable)
rCorr   .            (gloves currently unavailable)
SInv    .            (boots currently unavailable)
Will    .....        (no amulet)
Stlth   +            u - ring of magical power
HPRegen 0.33/turn    (no ring)
MPRegen 0.15/turn

%: no passive effects
@: tree-form, attractive, hasted, very quick
A: stationary, stasis, torment immunity, boosted hp, (antennae 1), powered by
pain 1, (sharp scales 1)
a: no special abilities


You were on level 5 of the Dungeon.
You were a tree.
You visited 1 branch of the dungeon, and saw 5 of its levels.

You collected 183 gold pieces.
You spent 98 gold pieces at shops.

Inventory:

Hand Weapons
 a - a +0 long sword
 i - a +0 dagger of venom (weapon)
 l - a +1 dagger of draining
Missiles
 e - a javelin
 p - 10 poisoned darts
Armour
 g - a +0 ring mail (melded)
 w - a +0 buckler
Jewellery
 u - a ring of magical power (left branch)
Scrolls
 c - a scroll of brand weapon {unknown}
 f - 11 scrolls of identify {unknown}
 k - 2 scrolls of noise {unknown}
 n - 3 scrolls of teleportation
 o - 2 scrolls of revelation {unknown}
 q - a scroll of butterflies
 r - a scroll of poison {unknown}
 s - a scroll of fear {unknown}
Potions
 b - 2 potions of curing
 h - a potion of attraction
 m - a potion of lignification
 t - a potion of magic {unknown}
 v - a potion of heal wounds {unknown}


   Skills:
 + Level 4.6 Fighting
 + Level 4.7 Long Blades
 - Level 2.0 Throwing
 + Level 4.7 Dodging


You had 6 spell levels left.
You didn't know any spells.
Your spell library contained the following spells:

 Spells                   Type           Power      Damage    Failure   Level
 Apportation              Tloc           0%         N/A       41%         1
 Jinxbite                 Hex            0%         N/A       54%         2
 Dazzling Flash           Conj/Hex       0%         N/A       78%         3
 Mephitic Cloud           Conj/Alch/Air  0%         N/A       78%         3
 Alistair's Intoxication  Alch           0%         N/A       100%        5
 Curse of Agony           Necr           0%         N/A       100%        5
 Silence                  Hex/Air        0%         N/A       100%        5


Dungeon Overview and Level Annotations

Branches:
Dungeon (5/15)
 Temple: D:4-7

Altars:

Shops:
D:3 *


Innate Abilities, Weirdness & Mutations

You are a tree.
Your roots penetrate the ground, keeping you stationary.
You cannot be teleported.
You are immune to unholy pain and torment.
Your maximum health is greatly increased.
Your equipment is partially melded.
((You have a pair of small antennae on your head.))
You sometimes gain a little power by taking damage.
((You are partially covered in razor-sharp scales. (AC +1, Slay +1)))


Message History

* * * LOW HITPOINT WARNING * * *
The troll claws you.
* * * LOW HITPOINT WARNING * * *
The troll claws you but does no damage.
It was a potion of haste.
You feel yourself speed up. The troll bites you but does no damage.
The troll claws you but does no damage. The troll claws you!
* * * LOW HITPOINT WARNING * * *
It was a potion of curing.
You feel better. The troll bites you!
* * * LOW HITPOINT WARNING * * *
The troll claws you.
* * * LOW HITPOINT WARNING * * *
The troll claws you but does no damage.
You feel better. The troll bites you but does no damage. The troll claws you.
* * * LOW HITPOINT WARNING * * *
The troll claws you but does no damage.
You feel better.
You hit the troll but do no damage.
The troll looks as sick as possible!
The troll is heavily wounded.
The troll bites you but does no damage. The troll claws you.
* * * LOW HITPOINT WARNING * * *
The troll claws you but does no damage.
You hit the troll but do no damage.
The troll looks as sick as possible!
You punch the troll, but do no damage.
The troll is heavily wounded.
You hit the troll but do no damage.
The troll is heavily wounded.
The troll bites you but does no damage. The troll claws you but does no damage.
The troll completely misses you.
You closely miss the troll.
The troll is heavily wounded.
The troll bites you but does no damage.
The troll claws you but does no damage. x2
You hit the troll but do no damage.
The troll looks as sick as possible!
The troll is heavily wounded.
You hit the troll but do no damage.
The troll looks as sick as possible!
The troll is heavily wounded.
The troll bites you!
* * * LOW HITPOINT WARNING * * *
The troll claws you!
You die...

## #. #.. #.# ...# #.#
#..##.# ##.....##
######### #.......#
......... #.......#
#........
#......<#####.....$..
..#..(....##...♣T.(((.(
..#....[.....##........
.............##########
..............#
#.............#
..............#
##.........<[.#
###...........#
##............


You could see a troll (extremely poisoned).

Vanquished Creatures
  A black bear (D:4)
  A gnoll sergeant (D:5)
  A bombardier beetle (D:3)
  Jessica (D:2)
  Natasha (thrice) (D:2)
  An orc wizard (D:4)
  4 gnolls (D:4)
  7 adders
  2 ufetubi (D:4)
  3 dart slugs
  3 ribbon worms
  9 orcs (D:4)
  14 ball pythons
  4 bats
  7 endoplasms
  4 giant cockroaches
  6 goblins
  9 hobgoblins
  A quokka (D:3)
  3 frilled lizards
  10 kobolds
  8 rats
102 creatures vanquished.

Notes
Turn   | Place    | Note
-------+----------+-------------------------------------------
     0 | D:1      | grandjackal the Demonspawn Gladiator began the quest for
                  | the Orb.
     0 | D:1      | Reached XP level 1. HP: 16/16 MP: 1/1
   358 | D:1      | Gained mutation: You are partially covered in razor-sharp
                  | scales. (AC +1, Slay +1) [demonic ancestry]
   358 | D:1      | Reached XP level 2. HP: 22/22 MP: 2/2
   753 | D:1      | Found a faded altar of an unknown god.
  1093 | D:2      | Gained mutation: You sometimes gain a little power by
                  | taking damage. [demonic ancestry]
  1093 | D:2      | Reached XP level 3. HP: 28/28 MP: 3/3
  1111 | D:2      | Noticed Jessica
  1122 | D:2      | Killed Jessica
  1357 | D:2      | Reached XP level 4. HP: 34/34 MP: 4/4
  1477 | D:2      | Noticed Natasha
  1486 | D:2      | Killed Natasha
  1597 | D:2      | Noticed Natasha
  1604 | D:2      | Killed Natasha
  1730 | D:3      | Reached XP level 5. HP: 41/41 MP: 5/5
  1842 | D:2      | Noticed Natasha
  1849 | D:2      | Killed Natasha
  2299 | D:3      | Found Sumneira's General Store.
  2303 | D:3      | Bought a scroll of teleportation for 42 gold pieces
  2303 | D:3      | Bought a scroll of butterflies for 56 gold pieces
  3071 | D:4      | Gained mutation: You have a pair of small antennae on your
                  | head. [demonic ancestry]
  3071 | D:4      | Reached XP level 6. HP: 38/48 MP: 6/6
  3907 | D:5      | Entered Level 5 of the Dungeon
  4141 | D:5      | Reached XP level 7. HP: 10/55 MP: 7/7
  4316 | D:5      | Noticed a troll
  4336 | D:5      | HP: 1/82 [troll (7)]
  4345 | D:5      | HP: 3/82 [troll (8)]
  4345 | D:5      | Slain by a troll

Illustrated notes

Levels and vault maps discovered:
D:1:      dpeg_arrival_pits, layout_loops_corners, basic_ecumenical_altar,
          serial_forest, infiniplex_forest_lined_3_way,
          infiniplex_forest_clump_long, infiniplex_forest_clump_small,
          infiniplex_forest_clump_long, infiniplex_forest_lined_2,
          infiniplex_forest_lined_2, infiniplex_forest_clump_cross,
          infiniplex_forest_straight_4, infiniplex_forest_straight_3
D:2:      layout_basic, minivault_11, uniq_jessica, uniq_natasha
D:3:      minmay_inner_zag, layout_basic, serial_shops,
          nicolae_shop_back_alley_shop
D:4:      layout_basic, chequers_serial_rivers_marsh, minmay_quadrilaterals
D:5:      layout_rooms

Skill      XL: |  1  2  3  4  5  6 |
---------------+-------------------+-----
Throwing       | 2 |  2.0
Dodging        | 3 4 |  4.7
Long Blades    | 3 4 |  4.7
Fighting       | 3 4 |  4.6

Action                     |  1- 3 |  4- 6 |  7- 9 || total
---------------------------+-------+-------+-------++-------
  Melee: Long sword        |    73 |   232 |       ||   305
         Punch             |     2 |     2 |     1 ||     5
         Dagger            |       |       |    16 ||    16
  Throw: Dart              |       |     4 |     5 ||     9
         Throwing net      |       |     3 |     1 ||     4
    Use: Potion            |       |       |     6 ||     6
   Stab: Held in net/web   |       |     1 |       ||     1
 Armour: Leather armour    |     5 |       |       ||     5
         Ring mail         |    24 |   167 |     4 ||   195
         Skin              |       |       |    43 ||    43
  Dodge: Dodged            |    43 |   172 |     9 ||   224

Table legend: (Time is in decaauts)
 A = Elapsed time spent in this place.
 B = Non-inter-level travel time spent in this place.
 C = Inter-level travel time spent in this place.
 D = Time resting spent in this place.
 E = Time spent auto-exploring this place.
 F = Levels seen in this place.
 G = Mean time per level.
                   A        B        C        D        E       F      G
               +--------+--------+--------+--------+--------+-----+--------+
         Total |   4410 |   4159 |    251 |    694 |   2593 |   5 |  882.0 |
       Dungeon |   4410 |   4159 |    251 |    694 |   2593 |   5 |  882.0 |
               +--------+--------+--------+--------+--------+-----+--------+

Top non-repeatable levels by time:
     D:4: 1474 daAuts
     D:1: 1063 daAuts
     D:3: 913 daAuts
     D:2: 866 daAuts
     D:5: 93 daAuts
